MLB
WASHINGTON NATIONALS @ PITTSBURGH PIRATES
09/27/2098
 
TOP OF THE 1ST
Washington Nationals batting - Pitching for Pittsburgh Pirates : RHP Jason Williams
Pitching: RHP Jason Williams
Batting: RHB Luis Rivera 0-0: Ball
1-0: DOUBLE (Flyball, 89D, EV 94.4 MPH)
Batting: SHB Kyle Spencer 0-0: Called Strike
0-1: Foul Ball, location: 2F
0-2: Ball
1-2: Ball
2-2: 2-RUN HOME RUN (Flyball, 78XD, EV 105.0 MPH), Distance : 419 ft
Batting: RHB Jose Orozco 0-0: Called Strike
0-1: Foul Ball, location: 9LDF
0-2: Foul Ball, location: 23F
0-2: Fly out, F9 (Flyball, 89M, EV 98.1 MPH)
Batting: RHB Jon Young 0-0: Called Strike
0-1: Swinging Strike
0-2: Strikes out looking
Batting: LHB Jose Lara 0-0: Called Strike
0-1: Ball
1-1: Foul Ball, location: 3DF
1-2: Ball
2-2: Strikes out swinging
Top of the 1st over - 2 runs, 2 hits, 0 errors, 0 left on base; Washington 2 - Pittsburgh 0
BOTTOM OF THE 1ST
Pittsburgh Pirates batting - Pitching for Washington Nationals : RHP Liam Dorfman
Pitching: RHP Liam Dorfman
Batting: SHB Jamie Hoffman 0-0: Ball
1-0: Swinging Strike
1-1: Ground out 4-3 (Groundball, 4, EV 106.9 MPH)
Batting: RHB Randy Wilson 0-0: Called Strike
0-1: Foul Ball, location: 2F
0-2: Ball
1-2: Ball
2-2: Foul Ball, location: 2F
2-2: Ball
3-2: Fly out, F9 (Flyball, 9, EV 94.4 MPH)
Batting: RHB Zachary Gugliotta 0-0: Called Strike
0-1: Called Strike
0-2: Strikes out swinging
Bottom of the 1st over - 0 runs, 0 hits, 0 errors, 0 left on base; Washington 2 - Pittsburgh 0
TOP OF THE 2ND
Washington Nationals batting - Pitching for Pittsburgh Pirates : RHP Jason Williams
Batting: RHB Mario Garcia 0-0: Fly out, F7 (Flyball, 7D, EV 108.1 MPH)
Batting: LHB Jesus Medrano 0-0: Ball
1-0: Ball
2-0: Ball
3-0: Base on Balls
Batting: RHB Isaiah Williams 0-0: Ball
1-0: Called Strike
1-1: Swinging Strike
1-2: Ball
2-2: Foul Ball, location: 9LDF
2-2: Strikes out swinging
Batting: LHB Sean Weaver 0-0: Called Strike
0-1: Ball
1-1: Foul Ball, location: 2F
1-2: Ball
2-2: Strikes out looking
Top of the 2nd over - 0 runs, 0 hits, 0 errors, 1 left on base; Washington 2 - Pittsburgh 0
BOTTOM OF THE 2ND
Pittsburgh Pirates batting - Pitching for Washington Nationals : RHP Liam Dorfman
Batting: LHB Phil Samsa 0-0: Ground out 4-3 (Groundball, 4, EV 86.3 MPH)
Batting: RHB Nate D'Acquisto 0-0: Ball
1-0: Ball
2-0: Foul Ball, location: 9LDF
2-1: Foul Ball, location: 3FF
2-2: Fly out, F7 (Flyball, 7, EV 75.6 MPH)
Batting: RHB Carlos Flores 0-0: Fly out, F8 (Flyball, 8LXD, EV 105.6 MPH)
Bottom of the 2nd over - 0 runs, 0 hits, 0 errors, 0 left on base; Washington 2 - Pittsburgh 0
TOP OF THE 3RD
Washington Nationals batting - Pitching for Pittsburgh Pirates : RHP Jason Williams
Batting: RHB Luis Rivera 0-0: Called Strike
0-1: Ball
1-1: Ball
2-1: Ball
3-1: Called Strike
3-2: Fly out, F8 (Line Drive, 8RS, EV 86.3 MPH)
Batting: SHB Kyle Spencer 0-0: Foul Ball, location: 3FF
0-1: Foul Ball, location: 25FF
0-2: Ball
1-2: Foul Ball, location: 9LDF
1-2: Foul Ball, location: 7LMF
1-2: Strikes out swinging
Batting: RHB Jose Orozco 0-0: Swinging Strike
0-1: Ball
1-1: Ball
2-1: Ground out U3 (Groundball, 34S, EV 90.6 MPH)
Top of the 3rd over - 0 runs, 0 hits, 0 errors, 0 left on base; Washington 2 - Pittsburgh 0
BOTTOM OF THE 3RD
Pittsburgh Pirates batting - Pitching for Washington Nationals : RHP Liam Dorfman
Batting: LHB Todd Schuller 0-0: Ball
1-0: Ball
2-0: Foul Ball, location: 23F
2-1: Ground out 4-3 (Groundball, 4, EV 92.5 MPH)
Batting: RHB Alex Velazquez 0-0: Ball
1-0: Fly out, F6 (Line Drive, 6, EV 68.1 MPH)
Batting: RHB Verner Johannsen 0-0: Called Strike
0-1: Ground out 6-3 (Groundball, 6, EV 84.4 MPH)
Bottom of the 3rd over - 0 runs, 0 hits, 0 errors, 0 left on base; Washington 2 - Pittsburgh 0
TOP OF THE 4TH
Washington Nationals batting - Pitching for Pittsburgh Pirates : RHP Jason Williams
Batting: RHB Jon Young 0-0: Called Strike
0-1: Fly out, F3 (Popup, 34, EV 66.9 MPH)
Batting: LHB Jose Lara 0-0: Called Strike
0-1: Swinging Strike
0-2: Foul Ball, location: 3DF
0-2: Ball
1-2: Ball
2-2: Strikes out swinging
Batting: RHB Mario Garcia 0-0: Ball
1-0: Foul Ball, location: 2F
1-1: Foul Ball, location: 2F
1-2: Ball
2-2: Ball
3-2: Foul Ball, location: 2F
3-2: Base on Balls
Batting: LHB Jesus Medrano 0-0: Called Strike
Mario Garcia steals 2nd base
0-1: Ball
1-1: Ball
2-1: Fly out, F9 (Flyball, 9S, EV 90.0 MPH)
Top of the 4th over - 0 runs, 0 hits, 0 errors, 1 left on base; Washington 2 - Pittsburgh 0
BOTTOM OF THE 4TH
Pittsburgh Pirates batting - Pitching for Washington Nationals : RHP Liam Dorfman
Batting: SHB Jamie Hoffman 0-0: Fly out, F8 (Flyball, 89M, EV 93.8 MPH)
Batting: RHB Randy Wilson 0-0: Swinging Strike
0-1: Foul Ball, location: 5DF
0-2: Foul Ball, location: 25F
0-2: Ball
1-2: Ball
2-2: Foul Ball, location: 3F
2-2: Ball
3-2: DOUBLE (Groundball, 5L, EV 110.0 MPH)
Batting: RHB Zachary Gugliotta 0-0: Ball
1-0: Ball
2-0: Called Strike
2-1: Ground out 5-3 (Groundball, 56, EV 83.8 MPH)
Batting: LHB Phil Samsa 0-0: Foul Ball, location: 2F
0-1: Ground out 4-3 (Groundball, 4, EV 103.1 MPH)
Bottom of the 4th over - 0 runs, 1 hit, 0 errors, 1 left on base; Washington 2 - Pittsburgh 0
TOP OF THE 5TH
Washington Nationals batting - Pitching for Pittsburgh Pirates : RHP Jason Williams
Batting: RHB Isaiah Williams 0-0: Ball
1-0: Called Strike
1-1: Foul Ball, location: 2F
1-2: Foul Ball, location: 2F
1-2: Fly out, F8 (Flyball, 8LD, EV 86.3 MPH)
Batting: LHB Sean Weaver 0-0: Called Strike
0-1: Ground out 2-3 (Groundball, 2L, EV 70.0 MPH)
Batting: RHB Luis Rivera 0-0: Called Strike
0-1: Ball
1-1: Swinging Strike
1-2: Ball
2-2: Foul Ball, location: 2F
2-2: Foul Ball, location: 9LSF
2-2: Ball
3-2: Base on Balls
Batting: SHB Kyle Spencer 0-0: Called Strike
0-1: Ball
1-1: Called Strike
1-2: Ball
Luis Rivera steals 2nd base
2-2: Ball
3-2: Base on Balls
Pitching: RHP Steve Obuch
Batting: RHB Jose Orozco 0-0: Ball
1-0: Swinging Strike
1-1: Ball
2-1: Swinging Strike
2-2: Ball
3-2: Ground out 6-3 (Groundball, 6, EV 89.4 MPH)
Top of the 5th over - 0 runs, 0 hits, 0 errors, 2 left on base; Washington 2 - Pittsburgh 0
BOTTOM OF THE 5TH
Pittsburgh Pirates batting - Pitching for Washington Nationals : RHP Liam Dorfman
Batting: RHB Nate D'Acquisto 0-0: Foul Ball, location: 5FF
0-1: Ball
1-1: Ground out 5-3 (Groundball, 56S, EV 59.4 MPH)
Batting: RHB Carlos Flores 0-0: SINGLE (Line Drive, 56, EV 105.6 MPH)
Batting: LHB Todd Schuller 0-0: Called Strike
0-1: Swinging Strike
0-2: Foul Ball, location: 7LDF
0-2: Ball
1-2: Foul Ball, location: 2F
1-2: Ball
Wild Pitch!
Carlos Flores to second
2-2: Ball
3-2: Ground out U3 (Groundball, 3, EV 88.1 MPH)
Carlos Flores to third
Batting: RHB Alex Velazquez 0-0: Swinging Strike
0-1: Called Strike
0-2: Strikes out swinging
Bottom of the 5th over - 0 runs, 1 hit, 0 errors, 1 left on base; Washington 2 - Pittsburgh 0
TOP OF THE 6TH
Washington Nationals batting - Pitching for Pittsburgh Pirates : RHP Steve Obuch
Batting: RHB Jon Young 0-0: Ball
1-0: Fly out, F8 (Flyball, 8LD, EV 74.4 MPH)
Batting: LHB Jose Lara 0-0: Ball
1-0: Foul Ball, location: 2F
1-1: Swinging Strike
1-2: Strikes out swinging
Batting: RHB Mario Garcia 0-0: Called Strike
0-1: Ground out 4-3 (Groundball, 34D, EV 99.4 MPH)
Top of the 6th over - 0 runs, 0 hits, 0 errors, 0 left on base; Washington 2 - Pittsburgh 0
BOTTOM OF THE 6TH
Pittsburgh Pirates batting - Pitching for Washington Nationals : RHP Liam Dorfman
Batting: RHB Verner Johannsen 0-0: Ground out 5-3 (Groundball, 5S, EV 66.9 MPH)
Batting: SHB Jamie Hoffman 0-0: Ball
1-0: Ball
2-0: Ball
3-0: Called Strike
3-1: Base on Balls
Batting: RHB Randy Wilson 0-0: Called Strike
0-1: Ball
1-1: Ball
2-1: Foul Ball, location: 2F
2-2: Ball
3-2: SINGLE (Groundball, 56D, EV 101.3 MPH) (infield hit)
Jamie Hoffman to second
Batting: RHB Zachary Gugliotta 0-0: Ball
1-0: Ball
2-0: Fly out, F8 (Flyball, 8LM, EV 95.0 MPH)
Batting: LHB Phil Samsa 0-0: Ball
1-0: Called Strike
1-1: Foul Ball, location: 5FF
1-2: Ball
2-2: Foul Ball, location: 3FF
2-2: Strikes out swinging
Bottom of the 6th over - 0 runs, 1 hit, 0 errors, 2 left on base; Washington 2 - Pittsburgh 0
TOP OF THE 7TH
Washington Nationals batting - Pitching for Pittsburgh Pirates : RHP Steve Obuch
Pitching: LHP Mike Garrett
Batting: RHB Alan Cecil 0-0: Ball
1-0: Foul Ball, location: 2F
1-1: Ball
2-1: Ground out 6-3 (Groundball, 6, EV 77.5 MPH)
Batting: RHB Isaiah Williams 0-0: Called Strike
0-1: Foul Ball, location: 3F
0-2: Ball
1-2: Foul Ball, location: 2F
1-2: Fly out, F8 (Flyball, 8LXD, EV 102.5 MPH)
Batting: LHB Sean Weaver 0-0: Ball
1-0: Ball
2-0: Called Strike
2-1: Swinging Strike
2-2: Ball
3-2: Foul Ball, location: 5SF
3-2: Ground out 4-3 (Groundball, 4, EV 77.5 MPH)
Top of the 7th over - 0 runs, 0 hits, 0 errors, 0 left on base; Washington 2 - Pittsburgh 0
BOTTOM OF THE 7TH
Pittsburgh Pirates batting - Pitching for Washington Nationals : RHP Liam Dorfman
Batting: RHB Nate D'Acquisto 0-0: Called Strike
0-1: Foul Ball, location: 2F
0-2: Ball
1-2: Foul Ball, location: 7LSF
1-2: Fly out, F8 (Flyball, 8LD, EV 86.9 MPH)
Batting: RHB Carlos Flores 0-0: Called Strike
0-1: Ball
1-1: Foul Ball, location: 2F
1-2: SINGLE (Groundball, 6S, EV 73.8 MPH) (infield hit)
Batting: LHB Todd Schuller 0-0: Called Strike
0-1: Fly out, F7 (Flyball, 78S, EV 92.5 MPH)
Batting: RHB Alex Velazquez 0-0: Called Strike
0-1: Ball
1-1: Ball
2-1: Foul Ball, location: 9LMF
2-2: Strikes out looking
Bottom of the 7th over - 0 runs, 1 hit, 0 errors, 1 left on base; Washington 2 - Pittsburgh 0
TOP OF THE 8TH
Washington Nationals batting - Pitching for Pittsburgh Pirates : LHP Mike Garrett
Pitching: RHP Joe Duncan
Batting: RHB Luis Rivera 0-0: Ball
1-0: Ball
2-0: Swinging Strike
2-1: Called Strike
2-2: Foul Ball, location: 2F
2-2: Fly out, F9 (Flyball, 89S, EV 95.6 MPH)
Batting: SHB Kyle Spencer 0-0: Called Strike
0-1: Swinging Strike
0-2: SINGLE (Line Drive, 34D, EV 101.3 MPH)
Batting: RHB Jose Orozco 0-0: Ball
1-0: Called Strike
1-1: Foul Ball, location: 2F
1-2: Strikes out swinging
Batting: RHB Jon Young 0-0: Ball
1-0: Ball
2-0: Fly out, F8 (Flyball, 8LD, EV 101.9 MPH)
Top of the 8th over - 0 runs, 1 hit, 0 errors, 1 left on base; Washington 2 - Pittsburgh 0
BOTTOM OF THE 8TH
Pittsburgh Pirates batting - Pitching for Washington Nationals : RHP Liam Dorfman
Batting: RHB Verner Johannsen 0-0: Called Strike
0-1: Ball
1-1: Foul Ball, location: 3FF
1-2: Ball
2-2: Strikes out swinging
Pitching: RHP Frank Hennessy
Batting: SHB Jamie Hoffman 0-0: Called Strike
0-1: Ball
1-1: Fly out, F8 (Flyball, 8RM, EV 91.9 MPH)
Batting: RHB Randy Wilson 0-0: Ball
1-0: Swinging Strike
1-1: Fly out, F8 (Line Drive, 8RD, EV 96.9 MPH)
Bottom of the 8th over - 0 runs, 0 hits, 0 errors, 0 left on base; Washington 2 - Pittsburgh 0
TOP OF THE 9TH
Washington Nationals batting - Pitching for Pittsburgh Pirates : RHP Joe Duncan
Batting: LHB Jose Lara 0-0: Foul Ball, location: 2F
0-1: Ball
1-1: Ball
2-1: Swinging Strike
2-2: Ball
3-2: Ground out U3 (Groundball, 3L, EV 77.5 MPH)
Batting: RHB Mario Garcia 0-0: Ball
1-0: Called Strike
1-1: Ball
2-1: Fly out, F6 (Popup, 6D, EV 48.8 MPH)
Batting: RHB Alan Cecil 0-0: Ball
1-0: Ball
2-0: Called Strike
2-1: Foul Ball, location: 5F
2-2: Strikes out swinging
Top of the 9th over - 0 runs, 0 hits, 0 errors, 0 left on base; Washington 2 - Pittsburgh 0
BOTTOM OF THE 9TH
Pittsburgh Pirates batting - Pitching for Washington Nationals : RHP Frank Hennessy
Pitching: LHP Dave Driskill
Batting: RHB Zachary Gugliotta 0-0: Ball
1-0: Called Strike
1-1: Foul Ball, location: 25FF
1-2: Ball
2-2: Foul Ball, location: 2F
2-2: Fly out, F9 (Line Drive, 89M, EV 105.6 MPH)
Pinch Hitting: RHB Raul Munoz 0-0: Ball
1-0: Ball
2-0: Ball
3-0: Foul Ball, location: 9LSF
3-1: Base on Balls
Batting: RHB Nate D'Acquisto 0-0: Foul Ball, location: 23FF
0-1: Swinging Strike
0-2: Strikes out looking
Batting: RHB Carlos Flores 0-0: Ball
1-0: Ball
2-0: Ball
3-0: Base on Balls
Raul Munoz to second
Pinch Hitting: SHB Nick Stiles 0-0: Foul Ball, location: 5SF
0-1: Ball
1-1: Ball
2-1: SINGLE (Line Drive, 4D, EV 100.6 MPH)
Raul Munoz to third
Carlos Flores to second
Batting: RHB Alex Velazquez 0-0: Ball
1-0: Swinging Strike
1-1: Ball
2-1: Foul Ball, location: 2F
2-2: Strikes out swinging
Bottom of the 9th over - 0 runs, 1 hit, 0 errors, 3 left on base; Washington 2 - Pittsburgh 0
Sunday, April 14th , 2024 - OOTP Baseball 24.11 Build 85